 Dungeon Crawl Stone Soup version 0.31-a0-1591-g515db51633 (webtiles) character file.

Game seed: 5174203085852414269

51 Laraso the Magician (level 3, -5/28 HPs)
             Began as a Deep Elf Air Elementalist on Jan 7, 2024.
             Killed from afar by an orc wizard (10 damage)
             ... with a puff of flame
             ... on level 3 of the Dungeon.
             The game lasted 00:03:32 (2572 turns).

Laraso the Magician (Deep Elf Air Elementalist)     Turns: 2572, Time: 00:03:32

Health: -5/28      AC: 21    Str:  5    XL:     3   Next: 58%
Magic:  10/10      EV:  2    Int: 27    God:
Gold:   102        SH:  0    Dex: 15    Spells: 4/10 levels left

rFire   . . .        f - +2 hand axe (elec)
rCold   . . .        (no shield)
rNeg    . . .        a - melded +0 robe
rPois   +            (helmet currently unavailable)
rElec   .            (cloak currently unavailable)
rCorr   .            (gloves currently unavailable)
SInv    .            (boots currently unavailable)
Will    +....        g - amulet of regeneration
Stlth   +            k - +6 ring of intelligence
HPRegen 1.04/turn    (no ring)
MPRegen 0.12/turn

%: no passive effects
@: confused, tree-form, enlightened
A: stationary, stasis, torment immunity, boosted hp
a: no special abilities


You were on level 3 of the Dungeon.
You were a tree.
You visited 1 branch of the dungeon, and saw 3 of its levels.

You collected 102 gold pieces.

Inventory:

Hand Weapons
 f - a +2 hand axe of electrocution (weapon)
Missiles
 i - 10 poisoned darts
Armour
 a - a +0 robe (melded)
Jewellery
 g - an amulet of regeneration (around neck)
 k - a +6 ring of intelligence (left branch)
Scrolls
 c - a scroll of poison {unknown}
 m - a scroll of noise {unknown}
 q - a scroll of amnesia {unknown}
Potions
 b - a potion of magic
 n - a potion of mutation {unknown}
 o - a potion of berserk rage {unknown}
 p - a potion of might {unknown}


   Skills:
 - Level 2.4 Dodging
 - Level 2.4 Stealth
 * Level 4.3 Spellcasting
 - Level 3.0 Conjurations
 - Level 3.0 Air Magic


You had 4 spell levels left.
You knew the following spells:

 Your Spells              Type           Power      Damage    Failure   Level
a - Shock                 Conj/Air       88%        1d8       2%          1
b - Static Discharge      Conj/Air       44%        3-5/arc   3%          2
s - Swiftness             Air            22%        N/A       7%          3

Your spell library contained the following spells:

 Spells                   Type           Power      Damage    Failure   Level
 Airstrike                Air            11%        2d(2-18)  22%         4


Dungeon Overview and Level Annotations

Branches:
Dungeon (3/15)

Altars:


Message History

The orc wizard misses you.
You hit the orc wizard.
The orc wizard is almost dead.
The orc wizard hits you with a +0 dagger. x2
You closely miss the orc wizard.
The orc wizard is almost dead.
The orc wizard closely misses you.
You closely miss the orc wizard.
The orc wizard is almost dead.
The orc wizard hits you but does no damage.
You closely miss the orc wizard.
The orc wizard is almost dead.
The orc wizard casts a spell at you. The puff of flame hits you!
Ouch! That really hurt!
The orc wizard casts a spell at you.
You are confused.
You feel less attractive to monsters.
Unknown command.
You closely miss the orc wizard.
The orc wizard is almost dead.
The orc wizard hits you with a +0 dagger.
* * * LOW HITPOINT WARNING * * *
You barely miss the orc wizard.
The orc wizard is almost dead.
The orc wizard hits you with a +0 dagger.
* * * LOW HITPOINT WARNING * * *
Unknown command.
You bump into the rock wall.
The orc wizard hits you with a +0 dagger.
* * * LOW HITPOINT WARNING * * *
Unknown command.
It was a potion of lignification.
You turn into a tree.
Your +0 robe melds into your body.
Your roots penetrate the ground.
The orc wizard hits you with a +0 dagger.
* * * LOW HITPOINT WARNING * * *
It was a potion of enlightenment.
Your roots keep you in place.
The orc wizard points at you and mumbles some strange words.
The puff of flame hits you!
You die...

#....<# #.#####
#.# #.#####
#.....# #..##.#
#########
#..##.###.......#
#..#.o.##.#..##.#
#..#♣.....#...#.#
#..#.#.......##.#
...#.##.....###.#
#.##.##.........#
#.############
#)# #.# #)# ..#


You could see an orc wizard.

Vanquished Creatures
  A dart slug (D:2)
  7 orcs (D:3)
  3 endoplasms
  A giant cockroach (D:1)
  5 hobgoblins
  2 jackals (D:1)
  3 ball pythons
  2 bats (D:2)
  3 frilled lizards
  2 goblins
  5 kobolds
  7 rats
41 creatures vanquished.

Notes
Turn   | Place    | Note
-------+----------+-------------------------------------------
     0 | D:1      | Laraso the Deep Elf Air Elementalist began the quest for
                  | the Orb.
     0 | D:1      | Reached XP level 1. HP: 10/10 MP: 6/6
    64 | D:1      | Found a faded altar of an unknown god.
   404 | D:1      | Reached XP level 2. HP: 15/15 MP: 6/8
   933 | D:1      | Reached skill level 4 in Spellcasting
  1702 | D:2      | Learned a level 2 spell: Static Discharge
  1714 | D:2      | Reached XP level 3. HP: 19/19 MP: 8/10
  1758 | D:2      | Learned a level 3 spell: Swiftness
  2572 | D:3      | Killed from afar by an orc wizard

Illustrated notes

Levels and vault maps discovered:
D:1:      dpeg_arrival_rhombi, layout_basic,
          hellmonk_ecumenical_altar_crossroads, minmay_misc_feat_ornament,
          minmay_misc_feat_enclosed, grunt_decor_resistance
D:2:      layout_basic
D:3:      layout_basic, corexii_shack

Skill      XL: |  1  2  3 |
---------------+----------+-----
Conjurations   | 2 3 |  3.0
Spellcasting   | 4 |  4.3
Dodging        | |  2.4
Stealth        | |  2.4
Air Magic      | |  3.0

Action                     || total
---------------------------++-------
  Melee: Hand axe          ||    22
   Cast: Shock             ||    73
    Use: Scroll            ||     1
         Potion            ||     5
   Stab: Sleeping          ||     3
 Armour: Robe              ||    31
         Skin              ||     2
  Dodge: Dodged            ||    11

Table legend: (Time is in decaauts)
 A = Elapsed time spent in this place.
 B = Non-inter-level travel time spent in this place.
 C = Inter-level travel time spent in this place.
 D = Time resting spent in this place.
 E = Time spent auto-exploring this place.
 F = Levels seen in this place.
 G = Mean time per level.
                   A        B        C        D        E       F      G
               +--------+--------+--------+--------+--------+-----+--------+
         Total |   2576 |   2514 |     62 |    416 |   1839 |   3 |  858.7 |
       Dungeon |   2576 |   2514 |     62 |    416 |   1839 |   3 |  858.7 |
               +--------+--------+--------+--------+--------+-----+--------+

Top non-repeatable levels by time:
     D:1: 1267 daAuts
     D:2: 1173 daAuts
     D:3: 135 daAuts
